 Dungeon Crawl Stone Soup version 0.28.0-53-g5a82cb258f (webtiles) character file.

Game seed: 14863523535876814599

2035053 suse60 the Conqueror (level 27, 88/199 HPs)
             Began as a Gargoyle Fighter on Aug 16, 2022.
             Was the Champion of the Shining One.
             Escaped with the Orb
             ... and 4 runes on Sept 13, 2022!
             The game lasted 09:28:02 (88162 turns).

suse60 the Conqueror (Gargoyle Fighter)            Turns: 88162, Time: 09:28:02

Health: 88/199     AC: 62    Str: 38    XL:     27
Magic:  32/32      EV: 24    Int:  8    God:    the Shining One [******]
Gold:   6597       SH:  5    Dex: 15    Spells: 26/26 levels left

rFire   + + .      SeeInvis .   u - +7 halberd "Efak" {speed, +Blink Str+3 Dex+2}
rCold   + + .      Faith    .   (shield currently unavailable)
rNeg    + + +      Spirit   .   g - +15 plate armour of Calculation {rPois}
rPois   ∞          Reflect  +   H - -2 hat of the Alchemist {rElec rPois rF+ rC+ rN+ Will+ rMut rCorr}
rElec   +          Harm     .   a - scarf {rC+ rF+}
rCorr   +          Rampage  +   o - +2 pair of gloves
rMut    +                       I - +2 pair of boots {rampage}
Will    +++..                   t - amulet of reflection
Stlth   ..........              L - +4 ring of evasion
HPRegen 0.43/turn               K - +6 ring of strength
MPRegen 0.23/turn

@: flying, glowing, unable to read
A: sickness immunity, AC +20, big wings, negative energy resistance 1,
electricity resistance, torment resistance 1, petrification resistance, hooves
1, dopey 1, screaming 1, inability to read while threatened, MP-powered wands,
sturdy frame 1
0: Orb of Zot
}: 4/15 runes: barnacled, slimy, silver, gossamer
a: Renounce Religion, Evoke Blink, Divine Shield, Cleansing Flame, Summon Divine
Warrior, Brand Weapon With Holy Wrath


You escaped.
You worshipped the Shining One.
The Shining One was exalted by your worship.
You visited 12 branches of the dungeon, and saw 55 of its levels.
You visited the Abyss 3 times.
You visited 1 bazaar.
You also visited: Bailey.

You collected 11854 gold pieces.
You spent 5257 gold pieces at shops.

Inventory:

Hand Weapons
 k - a +4 broad axe of flaming
 u - the +7 halberd "Efak" (weapon) {speed, +Blink Str+3 Dex+2}
   (You found it on level 2 of the Lair of Beasts)

   Attacks with this weapon are significantly faster.
   Str:       It affects your strength (+3).
   Dex:       It affects your dexterity (+2).
   +Blink:    It lets you blink.
Armour
 a - a scarf of resistance (worn)
 g - the +15 plate armour of Calculation (worn) {rPois}
   (You bought it in a shop on level 2 of the Vaults)

   rPois:     It protects you from poison.
 o - a +2 pair of gloves (worn)
 H - the -2 hat of the Alchemist (worn) {rElec rPois rF+ rC+ rN+ Will+ rMut rCorr}
   (You bought it in a shop on level 2 of the Orcish Mines)

   rF:        It protects you from fire.
   rC:        It protects you from cold.
   rElec:     It insulates you from electricity.
   rPois:     It protects you from poison.
   rN:        It protects you from negative energy.
   rCorr:     It protects you from acid and corrosion.
   rMut:      It protects you from mutation.
   Will:      It increases your willpower.
 I - a +2 pair of boots of rampaging (worn)
Jewellery
 t - an amulet of reflection (around neck)
 y - the ring of Departure {Fire Slay+2 Stlth+}
   (You found it on level 2 of the Depths)

   [ring of fire]

   It enhances your fire magic.
   Slay:      It affects your accuracy & damage with ranged weapons and melee
   (+2).
   rF:        It protects you from fire.
   rC:        It makes you vulnerable to cold.
   Stlth:     It makes you more stealthy.
 G - a +6 ring of dexterity
 K - a +6 ring of strength (right hand)
 L - a +4 ring of evasion (left hand)
Wands
 p - a wand of acid (10)
 r - a wand of iceblast (24)
 z - a wand of digging (1)
Scrolls
 b - 6 scrolls of blinking
 d - 2 scrolls of silence
 f - 2 scrolls of fog
 h - 21 scrolls of teleportation
 j - 3 scrolls of holy word
 A - 5 scrolls of fear
 D - 5 scrolls of magic mapping
Potions
 e - 5 potions of cancellation
 m - 14 potions of curing
 x - 2 potions of might
 E - a potion of heal wounds
 F - 2 potions of resistance
Miscellaneous
 s - a box of beasts
 B - a lightning rod (4/4)


   Skills:
 O Level 27 Fighting
 - Level 10.3 Maces & Flails
 - Level 25.0 Polearms
 - Level 22.5 Armour
 + Level 21.3 Dodging
 - Level 4.4 Shields
 - Level 13.0 Invocations


You had 26 spell levels left.
You didn't know any spells.
Your spell library contained the following spells:

 Spells                   Type           Power      Damage    Failure   Level
 Animate Skeleton         Necr           0%         N/A       67%         1
 Apportation              Tloc           0%         N/A       67%         1
 Foxfire                  Conj/Fire      0%         2x1d4     67%         1
 Magic Dart               Conj           0%         1d3       67%         1
 Pain                     Necr           0%         1d4       67%         1
 Sandblast                Erth           0%         2d4       67%         1
 Summon Small Mammal      Summ           0%         N/A       67%         1
 Blink                    Tloc           0%         N/A       82%         2
 Corpse Rot               Necr/Air       0%         N/A       82%         2
 Scorch                   Fire           0%         2d5       82%         2
 Searing Ray              Conj           0%         2d4       82%         2
 Static Discharge         Conj/Air       0%         N/A       82%         2
 Wereblood                Tmut           0%         N/A       82%         2
 Call Canine Familiar     Summ           0%         N/A       96%         3
 Confusing Touch          Hex            0%         N/A       96%         3
 Conjure Flame            Conj/Fire      0%         6-21      96%         3
 Frozen Ramparts          Ice            0%         1d2       96%         3
 Inner Flame              Hex/Fire       0%         N/A       96%         3
 Ozocubu's Armour         Ice            0%         N/A       96%         3
 Portal Projectile        Hex/Tloc       0%         N/A       96%         3
 Stone Arrow              Conj/Erth      0%         3d7       96%         3
 Summon Guardian Golem    Hex/Summ       0%         N/A       96%         3
 Vampiric Draining        Necr           0%         2d6       96%         3
 Airstrike                Air            0%         N/A       100%        4
 Animate Armour           Summ/Erth      0%         N/A       100%        4
 Animate Dead             Necr           0%         N/A       100%        4
 Cause Fear               Hex            0%         N/A       100%        4
 Dispel Undead            Necr           0%         3d6       100%        4
 Flame Wave               Conj/Fire      0%         2d4       100%        4
 Fulminant Prism          Conj/Hex       0%         3d6       100%        4
 Hailstorm                Conj/Ice       0%         3d3       100%        4
 Leda's Liquefaction      Hex/Erth       0%         N/A       100%        4
 Olgreb's Toxic Radiance  Pois           0%         N/A       100%        4
 Petrify                  Tmut/Erth      0%         N/A       100%        4
 Sticky Flame             Conj/Fire      0%         2d3       100%        4
 Summon Ice Beast         Ice/Summ       0%         N/A       100%        4
 Summon Lightning Spire   Summ/Air       0%         N/A       100%        4
 Alistair's Intoxication  Tmut/Pois      0%         N/A       100%        5
 Blade Hands              Tmut           0%         N/A       100%        5
 Borgnjor's Vile Clutch   Necr/Erth      0%         N/A       100%        5
 Excruciating Wounds      Necr           0%         N/A       100%        5
 Freezing Cloud           Conj/Ice/Air   0%         6-21      100%        5
 Irradiate                Conj/Tmut      0%         3d14      100%        5
 Lee's Rapid Deconstruct  Erth           0%         3d5*      100%        5
 Lightning Bolt           Conj/Air       0%         1d11      100%        5
 Manifold Assault         Tloc           0%         N/A       100%        5
 Metabolic Englaciation   Hex/Ice        0%         N/A       100%        5
 Summon Forest            Summ/Tloc      0%         N/A       100%        5
 Summon Mana Viper        Hex/Summ       0%         N/A       100%        5
 Yara's Violent Unravell  Hex/Tmut       0%         3d3       100%        5
 Conjure Ball Lightning   Conj/Air       0%         3x3d6     100%        6
 Death Channel            Necr           0%         N/A       100%        6
 Eringya's Noxious Bog    Tmut/Pois      0%         N/A       100%        6
 Iron Shot                Conj/Erth      0%         9d1       100%        6
 Simulacrum               Ice/Necr       0%         N/A       100%        6
 Summon Cactus Giant      Summ           0%         N/A       100%        6
 Dragon Form              Tmut           0%         N/A       100%        7
 Enfeeble                 Hex            0%         N/A       100%        7
 Haunt                    Necr/Summ      0%         N/A       100%        7
 Malign Gateway           Summ/Tloc      0%         N/A       100%        7
 Monstrous Menagerie      Summ           0%         N/A       100%        7
 Orb of Destruction       Conj           0%         9d5       100%        7
 Ozocubu's Refrigeration  Ice            0%         4d5       100%        7
 Spellforged Servitor     Conj/Summ      0%         N/A       100%        7
 Storm Form               Tmut/Air       0%         N/A       100%        7
 Summon Hydra             Summ           0%         N/A       100%        7
 Discord                  Hex            0%         N/A       100%        8
 Disjunction              Tloc           0%         N/A       100%        8
 Ignition                 Fire           0%         3d3       100%        8
 Infestation              Necr           0%         N/A       100%        8
 Summon Horrible Things   Summ           0%         N/A       100%        8
 Dragon's Call            Summ           0%         N/A       100%        9
 Polar Vortex             Ice            0%         N/A       100%        9
 Sublimation of Blood     Necr           Unusable   N/A       N/A         2
 Statue Form              Tmut/Erth      Unusable   N/A       N/A         6

Dungeon Overview and Level Annotations

Branches:
Dungeon (15/15)            Temple (1/1) D:4            Lair (6/6) D:9
 Shoals (4/4) Lair:2       Spider (4/4) Lair:4        Slime (5/5) Lair:6
    Orc (2/2) D:11            Elf (0/3) Orc:2        Vaults (5/5) D:14
  Crypt (3/3) Vaults:2       Tomb (1/3) Crypt:3      Depths (4/4) D:15
    Zot (5/5) Depths:4     Bailey (visited)

Altars:
Cheibriados
Elyvilon
Fedhas
Hepliaklqana
Kikubaaqudgha
Makhleb
Nemelex Xobeh
Okawaru
Qazlal
Sif Muna
Trog
Wu Jian
Xom
Yredelemnul
The Shining One
Beogh
Jiyva

Shops:
D:7 *?!!   D:8 ((   D:11 =   Orc:2 **:([   Shoals:4 *   Vaults:2 [   Vaults:4 !
Vaults:5 !??*([=(!   Depths:1 *

Portals:
Hell: Depths:1 Depths:2 Depths:3 Depths:4
Abyss: Depths:1 Depths:3 Depths:4
Pandemonium: Depths:2
Ziggurat: Depths:3
Trove: D:11 (show abyssal rune of Zot)

Annotations:
Zot:5 2 transporters, reasonance's ghost, legendary DsFi


Innate Abilities, Weirdness & Mutations

You are immune to sickness and miasma.
Your stone body is resilient. (AC +20)
You are immune to poison.
Your large and strong wings let you fly.
You resist negative energy. (rN+)
You are resistant to electric shocks. (rElec)
You are resistant to unholy torment.
You are immune to petrification.
You have large cloven feet.
You are dopey. (Int -2)
You occasionally shout uncontrollably at your foes.
You sometimes lose the ability to read scrolls when taking damage.
You expend magic power (3 MP) to strengthen your wands.
Your movements are slightly less encumbered by armour. (ER -2)


Message History

The hellwing swoops through the air toward you!
The hellwing misses you.
The hellwing hits you but does no damage.
A starcursed mass splits.
You are covered in liquid flames!
You are no longer on fire.
The hellwing hits you but does no damage.
The hellwing misses you.
The hellwing swoops through the air toward you!
The hellwing barely misses you. The hellwing completely misses you.
You hit the hellwing but do no damage.
The hellwing hits you but does no damage.
The hellwing barely misses you.
A starcursed mass splits.
The smoke demon gestures at you. Something smites you!
The hellwing misses you. x2
You carve the hellwing like a ham!!!
You kill the hellwing!
That felt strangely unrewarding.
You feel better.
A deafening chorus of shrieks assaults your mind!
You block the hellwing's attack.
The hellwing hits you but does no damage.
A starcursed mass splits.
The golden eye blinks at you. You resist with almost no effort.
A starcursed mass splits.
The smoke demon gestures at you. Something smites you!
There is a gateway leading out of the Abyss here.
The golden eye blinks!
The hellwing completely misses you.
The hellwing hits you but does no damage.
A starcursed mass splits.
You pass through the gate.
Welcome back to the Dungeon!
You block Jivaraf's attack. Jivaraf hits you.
The hellwing completely misses you. x2; Jivaraf closely misses you.
The Orb Guardian completely misses you.
There is a staircase leading out of the dungeon here.
You block Jivaraf's attack. The hellwing misses you.
The hellwing completely misses you. The Orb Guardian misses you.
Jivaraf hits you!! Space warps horribly around you!
You feel threatened and lose the ability to read scrolls!
You have escaped!

#.# #.......# #.#
#.......#
#.####.......#
#.........####
###########
♣♣♣#♣♣# ###
♣♣..♣X@♣ ..#
♣♣....&4♣ ..#####
♣.....4#♣
......###♣......♣♣
..##...#....♣.♣..♣
.#..#........⌠...♣
....#.##....♣.♣..♣
####.....♣.......♣
......###♣.......♣


You could see Jivaraf, an Orb Guardian, a hellwing and an ice devil.

Vanquished Creatures
  the Royal Jelly (Slime:5)
  4 dread liches
  5 orbs of fire
  5 ancient liches
  3 juggernauts
  Bai Suzhen (Spider:4)
  8 Killer Klowns
  4 curse toes
  Nikola (Shoals:3)
  5 golden dragons
  3 profane servitors
  Arachne (Spider:4)
  9 bone dragons
  An electric golem (Zot:5)
  A hellephant (Abyss:1)
  A Hell Sentinel (Abyss:1)
  15 tentacled monstrosities
  14 liches
  24 Orb Guardians (Zot:5)
  4 titans
  A walking earthen tome (Depths:3)
  A walking frostbound tome (Depths:4)
  An Executioner (Abyss:1)
  8 quicksilver dragons
  2 ancient champions (Crypt:1)
  A kraken (Shoals:2)
  20 acid blobs
  Gastronok (Lair:2)
  Frances (D:12)
  13 tentacled starspawn
  Polyphemus (Shoals:2)
  14 death cobs
  9 sphinxes
  Roxanne (Shoals:1)
  15 storm dragons
  10 tengu reavers
  12 shadow dragons
  Ilsuiw (Shoals:3)
  15 azure jellies
  3 revenants (Crypt:2)
  Donald (Crypt:2)
  3 draconian monks (Zot:1)
  10 frost giants
  7 rockslimes
  2 demonspawn warmongers
  The ghost of Menyzo the Tortoise, a journeyman DDCA of Kikubaaqudgha (D:13)
  2 iron dragons
  6 draconian knights
  Louise (Shoals:1)
  2 fire giants
  A nagaraja (Abyss:5)
  The ghost of arthad the Cleaver, an adept VSFi of Makhleb (Shoals:3)
  2 orc warlords
  12 ghost moths
  A balrug (Depths:2)
  7 emperor scorpions
  14 vault wardens
  2 deep elf sorcerers (Vaults:5)
  2 juggernaut zombies
  Aizul (Vaults:4)
  7 draconian scorchers
  A cacodemon (Abyss:4)
  6 draconian stormcallers
  3 curse skulls
  14 ghouls
  A demonspawn corrupter (D:3)
  2 broodmothers (Spider:4)
  18 ironbound preservers
  10 draconian shifters
  5 war gargoyles
  14 stone giants
  6 draconian annihilators
  8 quicksilver oozes
  A reaper (D:5)
  6 ironbound thunderhulks
  29 very ugly things
  16 green draconians
  A deep elf demonologist (Vaults:3)
  8 entropy weavers
  A deep elf annihilator (Vaults:5)
  5 vampire knights
  11 black draconians
  8 yellow draconians
  A minotaur (Lair:4)
  A dire elephant (shapeshifter) (Vaults:5)
  Azrael (D:12)
  7 red draconians
  13 dire elephants
  11 purple draconians
  5 spark wasps
  15 white draconians
  2 pearl dragon zombies (Depths:2)
  2 crystal guardians (Vaults:4)
  12 eidola
  A spark wasp (shapeshifter) (Vaults:5)
  2 deep elf death magi
  A blizzard demon (Depths:2)
  11 ettins
  4 merfolk impalers
  2 mummy priests
  A quicksilver dragon zombie (Crypt:3)
  14 yaktaur captains
  5 jiangshi (Crypt:2)
  8 merfolk javelineers
  17 great orbs of eyes
  2 green deaths
  A deep elf high priest (Vaults:5)
  Fannar (Lair:2)
  4 fire dragons
  24 vault guards
  2 spriggan zombies
  14 hydras
  A hell beast (Depths:1)
  5 jorogumos
  2 catoblepae
  A naga warrior (Abyss:5)
  7 rakshasas
  12 ironbound frosthearts
  10 boulder beetles
  2 ice dragons
  2 ogre magi (Abyss:5)
  2 quicksilver dragon skeletons (Crypt:1)
  2 merfolk avatars
  18 centaur warriors
  2 merfolk aquamancers
  3 spriggan skeletons
  6 death knights
  An anaconda (shapeshifter) (Abyss:5)
  5 peacekeepers
  2 alligator snapping turtles
  5 satyrs
  9 death scarabs (Tomb:1)
  A deep troll shaman (Depths:4)
  9 tengu warriors
  10 hell hogs
  The ghost of diceflayer the Carver, a novice DsGl of Okawaru (D:9)
  4 deep troll earth magi
  3 titan zombies
  7 vampire magi
  4 death yaks (Shoals:2)
  34 thrashing horrors
  Nergalle (Lair:1)
  9 spriggan berserkers
  A shock serpent (shapeshifter) (Abyss:3)
  3 sun demons
  A deep elf knight (D:14)
  8 hell knights
  3 shadow wraiths
  The ghost of muxecoid the Chucker, a novice TrHu of Trog (D:10)
  16 wretched stars
  3 sixfirhies
  A fire crab (shapeshifter) (Vaults:1)
  4 iron trolls
  28 skeletal warriors
  A sea snake (shapeshifter) (Depths:3)
  16 sea snakes
  43 large abominations
  3 pharaoh ants
  An anaconda zombie (Crypt:1)
  A shadow demon (D:3)
  4 sun moths
  A goliath frog (Lair:6)
  3 spatial maelstroms
  A bunyip zombie (Crypt:1)
  15 orb spiders
  13 wizards
  2 glowing orange brains
  42 deep trolls
  4 steelbarb worms
  15 lindwurms
  A bog body (Crypt:2)
  An obsidian statue (Zot:5)
  17 phantasmal warriors
  8 flayed ghosts
  A tengu zombie (Crypt:3)
  3 anaconda skeletons
  6 necromancers
  2 deep elf pyromancers (D:14)
  A sphinx zombie (Crypt:1)
  16 harpies
  11 ironbound convokers
  3 deep elf zephyrmancers
  A manticore (shapeshifter) (Abyss:5)
  4 orc knights
  5 orc sorcerers
  51 ugly things
  2 human zombies
  28 wolf spiders
  A salamander (Abyss:5)
  2 cyclopes
  76 starcursed masses
  3 worldbinders
  13 manticores
  15 fauns
  12 shining eyes
  2 stone giant zombies
  34 moths of wrath
  An eleionoma skeleton (Crypt:1)
  3 black mambas
  Maurice (Orc:2)
  2 guardian serpents (Abyss:5)
  A dire elephant zombie (Crypt:3)
  2 water nymphs (Shoals:2)
  9 merfolk sirens
  4 apis skeletons (Depths:2)
  16 elephants
  4 apocalypse crabs (Abyss:5)
  A black mamba (shapeshifter) (Abyss:5)
  A naga mage (Abyss:5)
  19 vault sentinels
  3 orange demons
  2 eyes of devastation (Slime:5)
  11 smoke demons
  4 torpor snails
  2 gargoyles
  2 alligator snapping turtle zombies (Crypt:3)
  16 cane toads
  6 centaur skeletons
  11 demonic crawlers
  4 rime drakes
  An elf zombie (Vaults:5)
  A catoblepas zombie (Crypt:2)
  2 hellions
  An alligator snapping turtle skeleton (Crypt:1)
  2 efreet
  9 komodo dragons
  A tormentor (D:14)
  6 unseen horrors
  8 freezing wraiths
  A yaktaur (shapeshifter) (Depths:2)
  An anaconda simulacrum (Crypt:1)
  2 komodo dragons (shapeshifter)
  42 yaktaurs
  A silent spectre (Depths:2)
  16 ancient zymes
  3 hellwings
  6 tengu conjurers
  4 guardian mummies
  6 harpy zombies
  A troll (shapeshifter) (D:15)
  A sea snake skeleton (Crypt:2)
  A polar bear (Lair:5)
  A polar bear (shapeshifter) (D:13)
  12 meliai
  A red devil (Depths:2)
  4 hornets
  11 trolls
  A tarantella (shapeshifter) (D:15)
  A harpy skeleton (Abyss:4)
  25 merfolk
  25 blink frogs
  A wind drake (shapeshifter) (D:14)
  5 wind drakes
  4 tyrant leeches (Lair:6)
  An ettin zombie (Crypt:3)
  152 slime creatures
  A merfolk zombie (Crypt:3)
  Grinder (D:4)
  A raiju (shapeshifter) (Depths:4)
  30 tarantellas
  19 raiju
  10 snapping turtles
  24 culicivoras
  6 dream sheep
  A meliai zombie (D:10)
  31 jumping spiders
  A centaur simulacrum (D:15)
  Sigmund (D:2)
  3 shadows
  A vampire (Depths:1)
  15 wraiths
  55 yaks
  10 water elementals
  3 black mamba zombies
  An ushabti (Crypt:3)
  3 fire elementals (D:12)
  4 fire bats (Abyss:5)
  10 flying skulls
  13 spriggans
  8 ynoxinuls
  A basilisk (shapeshifter) (Vaults:1)
  2 wyverns
  A steam dragon (D:7)
  13 golden eyes
  15 chaos spawn
  7 neqoxecs
  5 vampire mosquitoes
  3 basilisks
  A redback (shapeshifter) (Vaults:5)
  48 redbacks
  3 nagas (Abyss:5)
  37 small abominations
  13 spatial vortices
  5 acid dragons
  A deep troll zombie (Crypt:1)
  A demonspawn zombie (Crypt:3)
  2 harpy simulacra
  14 water moccasins
  4 wargs
  3 hell hounds (D:12)
  2 ice beasts
  44 orc warriors
  4 sky beasts
  A cane toad skeleton (Crypt:2)
  3 ettin simulacra
  3 black bears
  21 wolves
  A blink frog zombie (Crypt:1)
  5 ogres
  16 necrophages
  A tengu (Abyss:5)
  7 boggarts
  9 centaurs
  4 phantoms
  5 kobold brigands
  18 bullfrogs
  A scorpion (D:4)
  A gnoll sergeant (D:9)
  A wyvern zombie (D:9)
  13 wyvern skeletons
  A yak zombie (Crypt:2)
  2 water moccasin skeletons
  15 wights
  2 electric eels
  3 howler monkeys
  A bullfrog zombie (D:7)
  7 centaur zombies
  2 hounds
  4 jellies
  2 quasits (Abyss:3)
  An iron imp (Abyss:4)
  9 orc priests
  A gnoll shaman (D:6)
  Jessica (D:3)
  14 hell rats
  3 iguanas
  21 orc wizards
  Natasha (thrice) (D:3)
  6 mummies
  12 gnolls
  10 adders
  An adder (shapeshifter) (D:9)
  2 shadow imps
  5 white imps
  4 ufetubi
  An iguana zombie (Crypt:1)
  3 worms
  A dart slug (D:4)
  72 orcs
  3 ball pythons
  8 endoplasms
  A giant cockroach (D:2)
  9 goblins
  9 hobgoblins
  3 jackals
  8 kobolds
  A quokka (D:3)
  3 bats
  A frilled lizard (D:2)
  A kobold skeleton (Crypt:1)
  4 rats
  A rat zombie (Crypt:2)
  3 lurking horrors (Abyss:5)
  A starspawn tentacle (Abyss:5)
  2 withered plants (Crypt:3)
2759 creatures vanquished.

Vanquished Creatures (collateral kills)
  2 Killer Klowns
  An electric golem (Zot:5)
  Jorgrun (D:13)
  A Hell Sentinel (Abyss:1)
  Mlioglotl (Shoals:2)
  2 acid blobs (Slime:5)
  A storm dragon (D:15)
  A tengu reaver (Vaults:5)
  A rockslime (Slime:5)
  The ghost of Waecyras the Bringer of Law, an adept KoGl of Zin (D:15)
  A very ugly thing (Vaults:5)
  A green draconian (Zot:2)
  A yellow draconian (Zot:2)
  A fire dragon (D:15)
  A centaur warrior (D:13)
  A merfolk aquamancer (Shoals:3)
  A death knight (D:11)
  A thrashing horror (Abyss:1)
  A skeletal warrior (D:11)
  2 large abominations (Abyss:1)
  A phantasmal warrior (D:11)
  A cyclops (Shoals:3)
  A moth of wrath (D:15)
  A water nymph (Shoals:3)
  2 freezing wraiths
  2 water elementals (Shoals:3)
  2 redbacks (D:15)
  An acid dragon (D:15)
  11 starcursed masses (Abyss:1)
  2 starspawn tentacles (Abyss:1)
47 creatures vanquished.

Vanquished Creatures (others)
  An Orb Guardian (Zot:5)
  A red draconian (Zot:1)
  A spriggan air mage (Depths:2)
  A vampire mage (Depths:2)
  A moth of wrath (Depths:2)
  A yaktaur (Vaults:4)
  A large abomination (Abyss:4)
  A slime creature (D:13)
  3 jumping spiders
  A culicivora (Spider:4)
  A redback (Spider:4)
  A boggart (D:14)
  3 small abominations (Abyss:5)
  A starcursed mass (Abyss:5)
  A bush (Lair:6)
  51 fungi
  3 lurking horrors (Abyss:5)
  232 plants
  32 starspawn tentacles
  9 withered plants
346 creatures vanquished.

Grand Total: 3152 creatures vanquished

Notes
Turn   | Place    | Note
-------+----------+-------------------------------------------
     0 | D:1      | suse60 the Gargoyle Fighter began the quest for the Orb.
     0 | D:1      | Reached XP level 1. HP: 14/14 MP: 1/1
   410 | D:1      | Reached XP level 2. HP: 20/20 MP: 2/2
   809 | D:2      | Reached skill level 4 in Fighting
  1257 | D:2      | Found a bloodstained altar of Trog.
  1440 | D:2      | Noticed Sigmund
  1574 | D:2      | Reached XP level 3. HP: 24/24 MP: 3/3
  1890 | D:3      | Noticed a black bear
  1986 | D:3      | Reached skill level 5 in Fighting
  2166 | D:3      | Reached XP level 4. HP: 23/31 MP: 4/4
  2271 | D:3      | Noticed Jessica
  2289 | D:3      | Killed Jessica
  2410 | D:3      | Noticed a necrophage
  2424 | D:3      | Killed a necrophage
  2425 | D:3      | Reached skill level 6 in Fighting
  2425 | D:3      | Reached XP level 5. HP: 37/37 MP: 5/5
  2543 | D:3      | Noticed Natasha
  2552 | D:3      | Killed Natasha
  2553 | D:3      | Reached skill level 7 in Fighting
  2650 | D:3      | Reached XP level 6. HP: 30/44 MP: 6/6
  3120 | D:3      | Noticed Natasha
  3125 | D:3      | Killed Natasha
  3283 | D:2      | Killed Sigmund
  3284 | D:2      | Reached skill level 8 in Fighting
  3309 | D:3      | Killed a black bear
  3310 | D:3      | Reached XP level 7. HP: 44/50 MP: 7/7
  3417 | D:4      | Reached skill level 9 in Fighting
  3723 | D:4      | Noticed Grinder
  3733 | D:4      | Killed Grinder
  3734 | D:4      | Reached skill level 10 in Fighting
  3734 | D:4      | Reached XP level 8. HP: 45/57 MP: 8/8
  3817 | D:4      | Gained mutation: You are covered in fur. (AC +1) [potion of
                  | mutation]
  3817 | D:4      | Gained mutation: Your spells are a little harder to cast,
                  | but a little more powerful. [potion of mutation]
  3912 | D:4      | Found a staircase to the Ecumenical Temple.
  4121 | Temple   | Entered the Ecumenical Temple
  4303 | Temple   | Became a worshipper of the Shining One
  4396 | D:5      | Entered Level 5 of the Dungeon
  4922 | D:5      | Reached skill level 5 in Maces & Flails
  5817 | D:6      | Found a white marble altar of Elyvilon.
  5818 | D:6      | Found an iron altar of Okawaru.
  6056 | D:6      | Reached XP level 9. HP: 59/62 MP: 9/9
  6109 | D:6      | Reached * piety under the Shining One
  6564 | D:7      | Found a large runed translucent door.
  6564 | D:7      | Found a large runed translucent door.
  6977 | D:7      | Found a large runed translucent door.
  6977 | D:7      | Found a large runed translucent door.
  6996 | D:7      | Noticed a boulder beetle
  6996 | D:7      | Noticed a boulder beetle
  7134 | D:7      | Noticed a purple ugly thing
  7143 | D:7      | Killed a purple ugly thing
  7144 | D:7      | Reached skill level 10 in Maces & Flails
  7334 | D:7      | Reached ** piety under the Shining One
  7364 | D:7      | Reached skill level 1 in Dodging
  7535 | D:7      | Reached XP level 10. HP: 68/68 MP: 10/10
  7647 | D:7      | Noticed an eight-headed hydra
  7760 | D:8      | Found Lexua's Weapon Emporium.
  8395 | D:8      | Found Jasche's Antique Weapon Boutique.
  8398 | D:8      | Bought a pitted quarterstaff for 306 gold pieces
  8398 | D:8      | Identified the +5 quarterstaff of Bodily Harmony {flame,
                  | Int+2 Dex+4} (You bought it in a shop on level 8 of the
                  | Dungeon)
  8624 | D:9      | Found a staircase to the Lair.
  8639 | D:9      | Noticed diceflayer's ghost (novice DsGl)
  8648 | D:9      | Found a runed translucent gate.
  8648 | D:9      | Found a runed translucent gate.
  8648 | D:9      | Found a runed translucent gate.
  8686 | D:9      | Reached skill level 5 in Dodging
  9779 | Lair:1   | Entered Level 1 of the Lair of Beasts
  9894 | Lair:1   | Noticed a four-headed hydra
  9894 | Lair:1   | Reached *** piety under the Shining One
  9901 | Lair:1   | Killed a one-headed hydra
 10395 | Lair:1   | Reached XP level 11. HP: 55/72 MP: 11/11
 10646 | Lair:1   | Noticed Nergalle
 10876 | D:7      | Killed a six-headed hydra
 11212 | D:7      | Lost mutation: You are covered in fur. (AC +1) [potion of
                  | mutation]
 11212 | D:7      | Lost mutation: Your spells are a little harder to cast, but
                  | a little more powerful. [potion of mutation]
 11212 | D:7      | Gained mutation: Your skin changes colour to match your
                  | surroundings (Stealth+). [potion of mutation]
 11212 | D:7      | Gained mutation: Armour fits poorly on your strangely
                  | shaped body. [potion of mutation]
 11213 | D:7      | Lost mutation: Your skin changes colour to match your
                  | surroundings (Stealth+). [potion of mutation]
 11213 | D:7      | Lost mutation: Armour fits poorly on your strangely shaped
                  | body. [potion of mutation]
 11213 | D:7      | Gained mutation: You are frail. (-10% HP) [potion of
                  | mutation]
 11213 | D:7      | Gained mutation: You expend magic power (3 MP) to
                  | strengthen your wands. [potion of mutation]
 11213 | D:7      | Lost mutation: You are frail. (-10% HP) [potion of
                  | mutation]
 11708 | Lair:1   | Killed Nergalle
 12182 | Lair:2   | Reached skill level 10 in Dodging
 12223 | Lair:2   | Found a staircase to the Shoals.
 12279 | Lair:2   | Noticed Fannar
 12300 | Lair:2   | Killed Fannar
 12301 | Lair:2   | Reached skill level 5 in Armour
 12309 | Lair:2   | Identified the +7 halberd "Efak" {speed, +Blink Str+3
                  | Dex+2}
 12376 | Lair:2   | Reached **** piety under the Shining One
 12747 | Lair:2   | Noticed Gastronok
 12803 | Lair:2   | Killed Gastronok
 12804 | Lair:2   | Reached XP level 12. HP: 41/77 MP: 1/12
 13863 | Lair:3   | Reached skill level 10 in Armour
 13885 | Lair:3   | Reached skill level 1 in Polearms
 14393 | Lair:3   | Noticed a six-headed hydra
 14409 | Lair:3   | Killed a one-headed hydra
 14632 | Lair:3   | Reached skill level 5 in Polearms
 15409 | Lair:4   | Reached XP level 13. HP: 61/82 MP: 13/13
 15599 | Lair:4   | Found a hole to the Spider Nest.
 16445 | Lair:4   | Reached ***** piety under the Shining One
 16634 | Lair:4   | Reached skill level 10 in Polearms
 16641 | Lair:4   | Reached skill level 1 in Invocations
 17086 | Lair:4   | Found a runed translucent door.
 17652 | Lair:5   | Noticed an ice dragon
 17652 | Lair:5   | an eight-headed hydra changed into an ice dragon
 17661 | Lair:5   | Killed an ice dragon
 18058 | Lair:5   | Reached skill level 5 in Invocations
 18813 | Lair:6   | Entered Level 6 of the Lair of Beasts
 19385 | Lair:6   | Gained mutation: Your large and strong wings let you fly.
                  | [Gargoyle growth]
 19385 | Lair:6   | Reached XP level 14. HP: 73/88 MP: 16/20
 19743 | Lair:6   | Reached skill level 10 in Invocations
 19970 | Lair:6   | Found a staircase to the Slime Pits.
 19974 | Lair:6   | Found a viscous altar of Jiyva.
 19995 | Lair:6   | Reached skill level 11 in Fighting
 20350 | Lair:6   | Reached skill level 12 in Fighting
 21634 | D:7      | Found Qic Tail's Distillery.
 21635 | D:7      | Found Cuitzius's Magic Scroll Emporium.
 21638 | D:7      | Found Awosei's Distillery.
 21638 | D:7      | Found Isayhoatt's Assorted Antiques.
 21662 | D:7      | Bought a potion of might for 44 gold pieces
 21687 | D:7      | Bought a scroll of identify for 24 gold pieces
 21975 | D:3      | Noticed Natasha
 21980 | D:3      | Killed Natasha
 22192 | D:9      | Killed diceflayer's ghost
 22214 | D:9      | Identified the +7 quarterstaff of Tyqojes {freeze, rF-
                  | rCorr Int+4 SInv}
 22240 | D:10     | Entered Level 10 of the Dungeon
 22255 | D:10     | Reached skill level 13 in Fighting
 22375 | D:10     | Found a runed translucent gate.
 22375 | D:10     | Found a runed translucent gate.
 22375 | D:10     | Identified the +1 plate armour "Zoutt" {rPois Str+5}
 22376 | D:10     | Found a runed translucent gate.
 22376 | D:10     | Noticed muxecoid's ghost (novice TrHu)
 22387 | D:10     | Killed muxecoid's ghost
 22571 | D:10     | Found a flagged portal.
 22583 | Bailey   | Entered a bailey
 22786 | Bailey   | Found a large runed translucent door.
 22786 | Bailey   | Found a large runed translucent door.
 23714 | D:10     | Reached skill level 14 in Fighting
 24033 | D:11     | Found Ijyulu Hajei's Jewellery Boutique.
 24082 | D:11     | Found a portal to a secret trove of treasure.
 24320 | D:11     | Found a staircase to the Orcish Mines.
 24393 | D:11     | Reached XP level 15. HP: 25/101 MP: 14/22
 24718 | D:11     | Reached skill level 15 in Fighting
 25193 | Orc:1    | Entered Level 1 of the Orcish Mines
 25193 | Orc:1    | Noticed an orc warlord
 25209 | D:11     | Killed an orc warlord
 25781 | Orc:2    | Entered Level 2 of the Orcish Mines
 25781 | Orc:2    | Found Yme Sylo's General Store.
 26025 | Orc:2    | Bought a potion of heal wounds for 65 gold pieces
 26181 | Orc:2    | Noticed Maurice
 26181 | Orc:2    | Reached ****** piety under the Shining One
 26191 | Orc:2    | Killed Maurice
 26215 | Orc:2    | Found Byism's Book Emporium.
 26247 | Orc:2    | Identified a scroll of acquirement
 26306 | Orc:2    | Reached skill level 16 in Fighting
 26396 | Orc:2    | Found Cadaipus's General Store.
 26430 | Orc:2    | Found Kijufaam's Antique Weapon Shop.
 27038 | Orc:2    | Found Woyjoeg's Antique Armour Shop.
 27085 | Orc:2    | Noticed an orc warlord
 27106 | Orc:2    | Killed an orc warlord
 27283 | Orc:2    | Found a staircase to the Elven Halls.
 27554 | Orc:2    | Acquired a manual of Dodging
 27669 | Orc:2    | Bought the -2 hat of the Alchemist {rElec rPois rF+ rC+ rN+
                  | Will+ rMut rCorr} for 1510 gold pieces
 27669 | Orc:2    | Found the -2 hat of the Alchemist {rElec rPois rF+ rC+ rN+
                  | Will+ rMut rCorr}
 28076 | D:12     | Noticed Azrael
 28107 | D:12     | Killed Azrael
 28443 | D:12     | Noticed Frances
 28456 | D:12     | Killed Frances
 29247 | D:13     | Acquired 1371 gold pieces
 29316 | D:13     | Found a transporter.
 29319 | D:13     | Noticed Menyzo's ghost (journeyman DDCA)
 29408 | D:13     | Found a transporter.
 29651 | D:13     | Noticed Jorgrun
 29673 | D:13     | Killed Jorgrun
 30826 | Spider:1 | Entered Level 1 of the Spider Nest
 31035 | Spider:1 | Identified the +4 scale mail of the Saviour {Will+}
 31488 | Spider:1 | Reached XP level 16. HP: 97/110 MP: 23/23
 32623 | Spider:2 | You are sucked into a shaft and drop 1 floor!
 32696 | Spider:2 | Identified the +10 trident "Wupaniu" {vorpal, rPois rC+
                  | Will- Dex+9}
 33071 | Spider:2 | Identified the -3 pair of boots of Darkness {Harm rElec
                  | Stlth+}
 34979 | Spider:3 | Reached XP level 17. HP: 93/115 MP: 24/24
 35096 | Spider:3 | Lost mutation: You expend magic power (3 MP) to strengthen
                  | your wands. [potion of mutation]
 35096 | Spider:3 | Gained mutation: You have an increased reservoir of magic.
                  | (+10% MP) [potion of mutation]
 35097 | Spider:3 | Lost mutation: You have an increased reservoir of magic.
                  | (+10% MP) [potion of mutation]
 35097 | Spider:3 | Gained mutation: You are agile. (Dex +2) [potion of
                  | mutation]
 35097 | Spider:3 | Gained mutation: Your spells are a little harder to cast,
                  | but a little more powerful. [potion of mutation]
 35097 | Spider:3 | Gained mutation: Your spells are harder to cast, but more
                  | powerful. [potion of mutation]
 35157 | Spider:3 | Reached skill level 15 in Polearms
 35508 | Spider:4 | Entered Level 4 of the Spider Nest
 35879 | Spider:4 | Noticed Bai Suzhen
 35909 | Spider:4 | Noticed Arachne
 35926 | Spider:4 | Killed Bai Suzhen
 35939 | Spider:4 | Killed Arachne
 37244 | Spider:4 | Got a gossamer rune of Zot
 38055 | Slime:1  | Entered Level 1 of the Pits of Slime
 38078 | Slime:1  | Noticed an acid blob
 38101 | Lair:6   | Killed an acid blob
 38766 | Slime:1  | Noticed an acid blob
 38775 | Slime:1  | Killed an acid blob
 39424 | Shoals:1 | Entered Level 1 of the Shoals
 39424 | Shoals:1 | Found the +7 pair of quick blades "Gyre" and "Gimble"
                  | {protect}
 39593 | Shoals:1 | Noticed Louise
 39609 | Shoals:1 | Killed Louise
 39617 | Shoals:1 | Reached XP level 18. HP: 110/122 MP: 25/25
 39799 | Shoals:1 | Identified Roxanne's Disquisition on Clay
 39799 | Shoals:1 | Noticed Roxanne
 39815 | Shoals:1 | Killed Roxanne
 40335 | Shoals:1 | Reached skill level 15 in Dodging
 40335 | Shoals:1 | Reached XP level 19. HP: 127/127 MP: 26/26
 40662 | Shoals:2 | Reached skill level 17 in Fighting
 42269 | D:7      | Bought a scroll of magic mapping for 42 gold pieces
 42269 | D:7      | Bought a scroll of fear for 42 gold pieces
 42269 | D:7      | Bought a scroll of magic mapping for 42 gold pieces
 42274 | D:7      | Bought a potion of heal wounds for 55 gold pieces
 42278 | D:7      | Bought a potion of heal wounds for 75 gold pieces
 42278 | D:7      | Bought a potion of mutation for 120 gold pieces
 42278 | D:7      | Bought a potion of haste for 150 gold pieces
 42506 | Shoals:3 | Noticed Mlioglotl
 42513 | Shoals:2 | Killed Mlioglotl
 42554 | Shoals:3 | Found a flickering gateway to a bazaar.
 42563 | Bazaar   | Entered a bazaar
 42563 | Bazaar   | Found Hier's Magic Scroll Emporium.
 42563 | Bazaar   | Found Miopraos's Magic Scroll Emporium.
 42564 | Bazaar   | Found Babug's Weapon Shoppe.
 42564 | Bazaar   | Found Qemiosim's Distillery.
 42859 | Shoals:3 | Noticed Ilsuiw
 42869 | Shoals:3 | Noticed Polyphemus
 43528 | Shoals:2 | Killed Polyphemus
 43756 | Shoals:3 | Killed Ilsuiw
 43999 | Shoals:3 | Reached skill level 18 in Fighting
 44312 | Shoals:3 | Noticed Nikola
 44331 | Shoals:3 | Killed Nikola
 44615 | Shoals:3 | Found a runed translucent door.
 44615 | Shoals:3 | Noticed arthad's ghost (adept VSFi)
 45169 | Shoals:3 | Killed arthad's ghost
 45173 | Shoals:3 | Identified the ring of the Everdark {Fire rN+}
 45198 | Shoals:4 | Entered Level 4 of the Shoals
 45198 | Shoals:4 | Found Xuqerroj's Gadget Gallery.
 45201 | Shoals:4 | Identified the ring of Mosseaco {*Corrode rElec rPois MP+9
                  | Str+6}
 45222 | Shoals:4 | Identified the +1 pair of gloves of Ruan {rPois Int+6}
 46287 | Shoals:4 | Identified the +11 great sword "Toblye" {spect, Dex+6
                  | Stlth+}
 46295 | Shoals:4 | Got a barnacled rune of Zot
 46893 | D:11     | Lost mutation: You are agile. (Dex +2) [potion of mutation]
 46893 | D:11     | Lost mutation: Your spells are harder to cast, but more
                  | powerful. [potion of mutation]
 46893 | D:11     | Lost mutation: Your spells are a little harder to cast, but
                  | a little more powerful. [potion of mutation]
 47013 | D:13     | Reached XP level 20. HP: 127/137 MP: 18/27
 47024 | D:13     | Killed Menyzo's ghost
 47162 | D:14     | Reached skill level 19 in Fighting
 47612 | D:14     | Found a gate to the Vaults.
 47796 | D:14     | Found the +14 obsidian axe {vorpal, Mesm Drain Fly SInv}
 48190 | D:14     | Gained mutation: You have a pair of small horns on your
                  | head. [potion of mutation]
 48190 | D:14     | Gained mutation: Potions are less effective at restoring
                  | your health. [potion of mutation]
 48190 | D:14     | Gained mutation: You are somewhat resistant to further
                  | mutation. [potion of mutation]
 48191 | D:14     | Lost mutation: You are somewhat resistant to further
                  | mutation. [potion of mutation]
 48191 | D:14     | Lost mutation: You have a pair of small horns on your head.
                  | [potion of mutation]
 48191 | D:14     | Lost mutation: Potions are less effective at restoring your
                  | health. [potion of mutation]
 48191 | D:14     | Gained mutation: You are partially covered in large bone
                  | plates. (SH +4) [potion of mutation]
 48191 | D:14     | Gained mutation: Your spells are a little easier to cast,
                  | but a little less powerful. [potion of mutation]
 48191 | D:14     | Gained mutation: You have a pair of small horns on your
                  | head. [potion of mutation]
 48199 | Vaults:1 | Entered Level 1 of the Vaults
 48861 | Vaults:1 | Reached skill level 20 in Fighting
 50605 | Vaults:2 | Reached XP level 21. HP: 82/148 MP: 28/28
 50873 | Vaults:2 | Reached skill level 21 in Fighting
 51816 | Vaults:2 | Noticed a bone dragon
 51970 | Vaults:2 | Killed a bone dragon
 52170 | Vaults:2 | Found a staircase to the Crypt.
 52184 | Vaults:2 | Found Uxioloa's Antique Armour Shoppe.
 52191 | Vaults:2 | Bought a heavily runed plate armour for 1064 gold pieces
 52191 | Vaults:2 | Identified the +15 plate armour of Calculation {rPois} (You
                  | bought it in a shop on level 2 of the Vaults)
 52346 | Vaults:2 | Bought a pair of runed boots for 285 gold pieces
 53304 | Vaults:3 | Reached skill level 22 in Fighting
 53985 | Vaults:3 | Identified the +9 trident of Itoenoro {flame, rC++ rN+}
 54359 | Vaults:4 | Noticed Aizul
 54367 | Vaults:4 | Killed Aizul
 54372 | Vaults:4 | Reached XP level 22. HP: 137/158 MP: 29/29
 54943 | Vaults:4 | Acquired 876 gold pieces
 55134 | Vaults:4 | Found Mirid's Distillery.
 55367 | Vaults:4 | Reached skill level 15 in Armour
 55518 | Vaults:4 | Reached skill level 23 in Fighting
 56037 | Vaults:5 | Entered Level 5 of the Vaults
 56984 | Vaults:5 | Found Jiwisi Wifu's Assorted Antiques.
 56984 | Vaults:5 | Noticed a dread lich
 56984 | Vaults:5 | Noticed a golden dragon
 57005 | Vaults:5 | Killed a dread lich
 57014 | Vaults:5 | Killed a golden dragon
 57038 | Vaults:5 | Got a silver rune of Zot
 57057 | Vaults:5 | Bought a twisted scythe for 264 gold pieces
 57057 | Vaults:5 | Identified the +6 scythe of Rubbish {freeze, *Slow rC-
                  | rN+++ Dex+4} (You bought it in a shop on level 5 of the
                  | Vaults)
 57057 | Vaults:5 | Bought 2 potions of curing for 198 gold pieces
 57233 | Vaults:5 | Noticed a dread lich
 57235 | Vaults:5 | Reached skill level 24 in Fighting
 57242 | Vaults:5 | Killed a dread lich
 57305 | Vaults:5 | Found Ruenaup's Distillery.
 57309 | Vaults:5 | Bought a potion of might for 80 gold pieces
 57353 | Vaults:5 | Reached XP level 23. HP: 137/167 MP: 31/31
 57376 | Vaults:5 | Found Xaasaqoy's Magic Scroll Shoppe.
 57392 | Vaults:5 | Found Rouf's Magic Scroll Boutique.
 57396 | Vaults:5 | Bought a scroll of silence for 142 gold pieces
 57507 | Vaults:5 | Noticed an ancient lich
 57508 | Vaults:5 | Noticed an ancient lich
 57521 | Vaults:5 | Killed an ancient lich
 57529 | Vaults:5 | Noticed a dread lich
 57541 | Vaults:5 | Killed an ancient lich
 57551 | Vaults:5 | Killed a dread lich
 57751 | Vaults:5 | Noticed a golden dragon
 57760 | Vaults:5 | Killed a golden dragon
 58189 | Vaults:5 | Reached skill level 25 in Fighting
 58433 | Vaults:5 | Found Naki's Distillery.
 58434 | Vaults:5 | Found Deplamau's Jewellery Shoppe.
 58434 | Vaults:5 | Found Raof's Antique Weapon Shoppe.
 58441 | Vaults:5 | Bought a potion of heal wounds for 110 gold pieces
 58441 | Vaults:5 | Bought a potion of heal wounds for 110 gold pieces
 58451 | Vaults:5 | Found Ompither's Antique Weapon Shoppe.
 58455 | Vaults:5 | Bought a masterwork battleaxe for 529 gold pieces
 58455 | Vaults:5 | Identified the +11 battleaxe of the Eel {vorpal, rCorr
                  | Dex+3} (You bought it in a shop on level 5 of the Vaults)
 58616 | Vaults:5 | Found Curecw's Antique Armour Shoppe.
 58976 | Crypt:1  | Entered Level 1 of the Crypt
 59913 | Crypt:2  | Noticed Donald
 59922 | Crypt:2  | Killed Donald
 60257 | Crypt:2  | Reached XP level 24. HP: 177/177 MP: 32/32
 60591 | Crypt:3  | Entered Level 3 of the Crypt
 61182 | Crypt:3  | Reached skill level 26 in Fighting
 61406 | Crypt:3  | Found a staircase to the Tomb.
 61669 | Crypt:3  | Identified the +4 morningstar "Inkofagg" {freeze, Dex+4}
 61776 | Crypt:3  | Found a basalt altar of Yredelemnul.
 62108 | Crypt:3  | Identified the +6 hunting sling of Precise Incision
                  | {vorpal, Contam rF+ rCorr Dex+3}
 62712 | Crypt:3  | Got the Grimoire of Cold
 62913 | Tomb:1   | Entered Level 1 of the Tomb of the Ancients
 63060 | Tomb:1   | Paralysed by a sphinx for 3 turns
 63066 | Tomb:1   | Paralysed by a sphinx for 3 turns
 64625 | Slime:3  | Reached skill level 27 in Fighting
 64654 | Slime:3  | Gained mutation: You tend to lose your temper in combat. [a
                  | shining eye]
 65059 | Slime:4  | Gained mutation: You are clumsy. (Dex -2) [a shining eye]
 65062 | Slime:4  | Gained mutation: You are occasionally teleported next to
                  | monsters. [a shining eye]
 65078 | Slime:4  | Lost mutation: You have a pair of small horns on your head.
                  | [potion of mutation]
 65078 | Slime:4  | Lost mutation: You are clumsy. (Dex -2) [potion of
                  | mutation]
 65078 | Slime:4  | Gained mutation: You often lose your temper in combat.
                  | [potion of mutation]
 65084 | Slime:4  | Lost mutation: You are partially covered in large bone
                  | plates. (SH +4) [potion of mutation]
 65084 | Slime:4  | Lost mutation: You are occasionally teleported next to
                  | monsters. [potion of mutation]
 65084 | Slime:4  | Lost mutation: You often lose your temper in combat.
                  | [potion of mutation]
 65084 | Slime:4  | Gained mutation: You are strong-willed. (Will+) [potion of
                  | mutation]
 65084 | Slime:4  | Gained mutation: You are clumsy. (Dex -2) [potion of
                  | mutation]
 65904 | Slime:5  | Entered Level 5 of the Pits of Slime
 66106 | Slime:5  | Gained mutation: You are dopey. (Int -2) [a shining eye]
 66178 | Slime:5  | Reached XP level 25. HP: 174/187 MP: 32/32
 66508 | Slime:5  | Gained mutation: You are very dopey. (Int -4) [a shining
                  | eye]
 66856 | Slime:5  | Noticed the Royal Jelly
 67375 | Slime:5  | Killed the Royal Jelly
 68210 | Slime:5  | Identified the +6 quarterstaff "Lysch" {speed, Will++ Int+3
                  | Dex-2 SInv}
 68220 | Slime:5  | Identified the amulet "Nurchies" {RegenMP SInv}
 68253 | Slime:5  | Identified the ring of Uskayaw's Supremacy {Ice rN++}
 68256 | Slime:5  | Got a slimy rune of Zot
 68277 | Slime:5  | Identified the +10 flail "Reegobuutt" {vorpal, rC+}
 68783 | D:15     | Entered Level 15 of the Dungeon
 68851 | D:15     | Found a transporter.
 68879 | D:15     | Found a transporter.
 68900 | D:15     | Noticed Waecyras's ghost (adept KoGl)
 68959 | D:15     | Killed Waecyras's ghost
 68979 | D:15     | Identified the amulet "Nyemud" {Faith Str+4 Dex+2}
 69373 | D:15     | Lost mutation: Your spells are a little easier to cast, but
                  | a little less powerful. [potion of mutation]
 69373 | D:15     | Lost mutation: You are strong-willed. (Will+) [potion of
                  | mutation]
 69373 | D:15     | Lost mutation: You are very dopey. (Int -4) [potion of
                  | mutation]
 69373 | D:15     | Lost mutation: You are clumsy. (Dex -2) [potion of
                  | mutation]
 69373 | D:15     | Gained mutation: You expend magic power (3 MP) to
                  | strengthen your wands. [potion of mutation]
 69373 | D:15     | Gained mutation: Your movements are slightly less
                  | encumbered by armour. (ER -2) [potion of mutation]
 69390 | D:15     | Found a staircase to the Depths.
 69532 | D:15     | Found a glowing golden altar of the Shining One.
 69701 | Depths:1 | Entered Level 1 of the Depths
 69861 | Depths:1 | Found a shimmering blue altar of Sif Muna.
 69971 | Depths:1 | Found a one-way gate to the infinite horrors of the Abyss.
 69975 | Depths:1 | Voluntarily entered the Abyss.
 70143 | Abyss:3  | Found a corrupted altar of Lugonu.
 70190 | Abyss:3  | Found a corrupted altar of Lugonu.
 70386 | Abyss:3  | Paralysed by accursed screaming for 1 turns
 71019 | Abyss:3  | Found a corrupted altar of Lugonu.
 71114 | Abyss:3  | Found a corrupted altar of Lugonu.
 71140 | Abyss:3  | Found a corrupted altar of Lugonu.
 71983 | Abyss:5  | Entered Level 5 of the Abyss
 72065 | Abyss:5  | Noticed an ancient lich
 72108 | Abyss:5  | Killed an ancient lich
 72308 | Abyss:5  | Paralysed by accursed screaming for 1 turns
 72814 | Abyss:5  | Paralysed by accursed screaming for 2 turns
 72837 | Abyss:5  | Paralysed by accursed screaming for 1 turns
 73412 | Abyss:5  | Paralysed by you for 4 turns
 73525 | Abyss:5  | Found a broken altar of Ashenzari.
 73601 | Abyss:5  | Found a corrupted altar of Lugonu.
 73640 | Depths:1 | Escaped the Abyss
 73804 | Depths:1 | You are sucked into a shaft and drop 1 floor!
 74052 | Depths:2 | Identified the ring of Departure {Fire Slay+2 Stlth+}
 74133 | Depths:2 | Found a one-way gate leading to the halls of Pandemonium.
 74275 | Depths:2 | Found a basalt altar of Yredelemnul.
 74275 | Depths:2 | Identified the +8 hunting sling of Ropleora {flame, rPois
                  | rCorr MP+9}
 74614 | Depths:1 | Found Asudot's Blood Bar.
 74878 | Depths:1 | Found a gateway to Hell.
 75278 | Depths:2 | Found a transporter.
 75286 | Depths:2 | Found a transporter.
 75684 | Depths:2 | Noticed a juggernaut
 75780 | Depths:2 | Found a runed translucent door.
 75780 | Depths:2 | Found a bloodstained altar of Trog.
 75780 | Depths:2 | Found the +8 Wrath of Trog {antimagic, *Rage Rampage}
 75822 | Depths:2 | The Shining One protects you from harm!
 75828 | Depths:2 | Killed a juggernaut
 76195 | Depths:2 | Identified the +2 plate armour of Duty {rF+ Regen+ Str-2
                  | Slay+2}
 76629 | Depths:3 | Reached XP level 26. HP: 143/193 MP: 32/32
 76848 | Depths:3 | Found a one-way gateway to a ziggurat.
 76954 | Depths:3 | Identified the +7 fustibalus of the Elven Halls {vorpal,
                  | rC+ Will+}
 77366 | Depths:3 | Noticed a juggernaut
 77383 | Depths:3 | Killed a juggernaut
 77450 | Depths:3 | Lost mutation: You are dopey. (Int -2) [potion of mutation]
 77450 | Depths:3 | Lost mutation: You tend to lose your temper in combat.
                  | [potion of mutation]
 77450 | Depths:3 | Gained mutation: You are dopey. (Int -2) [potion of
                  | mutation]
 77450 | Depths:3 | Gained mutation: You sometimes lose the ability to read
                  | scrolls when taking damage. [potion of mutation]
 77450 | Depths:3 | Gained mutation: You have large cloven feet. [potion of
                  | mutation]
 77551 | Depths:3 | Found an ornate altar of the Wu Jian Council.
 77583 | Depths:4 | Entered Level 4 of the Depths
 77847 | Depths:4 | Noticed a juggernaut
 77865 | Depths:4 | Killed a juggernaut
 78118 | Depths:4 | Found a gate to the Realm of Zot.
 78690 | Zot:1    | Entered Level 1 of the Realm of Zot
 78955 | Zot:1    | Noticed an orb of fire
 78959 | Zot:1    | Gained mutation: You occasionally shout uncontrollably at
                  | your foes. [an orb of fire]
 78979 | Zot:1    | Killed an orb of fire
 79564 | Zot:1    | Noticed an orb of fire
 79588 | Zot:1    | Killed an orb of fire
 80259 | Zot:2    | Noticed a Killer Klown
 80322 | Zot:2    | Killed a Killer Klown
 81131 | Zot:2    | Reached XP level 27. HP: 199/199 MP: 32/32
 84614 | Zot:5    | Entered Level 5 of the Realm of Zot
 84735 | Zot:5    | Found a transporter.
 84736 | Zot:5    | Noticed an ancient lich
 84736 | Zot:5    | Noticed an ancient lich
 84740 | Zot:5    | Noticed reasonance's ghost (legendary DsFi)
 84784 | Zot:5    | Found a transporter.
 85073 | Zot:5    | Noticed a dread lich
 85085 | Zot:5    | Paralysed by a dread lich for 2 turns
 85096 | Zot:5    | Killed a dread lich
 85168 | Zot:5    | Noticed an orb of fire
 85181 | Zot:5    | Noticed an orb of fire
 85185 | Zot:5    | Killed an orb of fire
 85220 | Zot:5    | Killed an orb of fire
 85430 | Depths:4 | Voluntarily entered the Abyss.
 85440 | Abyss:1  | Noticed an ancient lich
 85449 | Abyss:1  | Killed an ancient lich
 85469 | Abyss:1  | Paralysed by accursed screaming for 1 turns
 85544 | Abyss:1  | Paralysed by accursed screaming for 2 turns
 85546 | Abyss:1  | HP: 8/199 [constriction[a tentacled starspawn] (3)]
 85562 | Abyss:1  | Paralysed by accursed screaming for 2 turns
 85610 | Depths:4 | Escaped the Abyss
 86741 | Zot:5    | Noticed an orb of fire
 86764 | Zot:5    | Killed an orb of fire
 86789 | Zot:5    | Noticed an ancient lich
 86812 | Zot:5    | Killed an ancient lich
 87277 | Zot:5    | Got the Orb of Zot
 87732 | D:7      | Noticed Ruwymup the pandemonium lord
 87957 | D:1      | Noticed Jivaraf the pandemonium lord
 88001 | D:1      | Cast into level 5 of the Abyss (Jivaraf)
 88001 | Abyss:5  | Entered Level 5 of the Abyss
 88159 | D:1      | Escaped the Abyss
 88162 | D:$      | Escaped with the Orb!

Illustrated notes

Levels and vault maps discovered:
D:1:      amcnicky_arrival_underground_garden, layout_basic,
          minmay_curled_crystal
D:2:      minmay_razor_zed, layout_loops_ring, basic_altar,
          chequers_serial_rivers_micro_a, uniq_sigmund
D:3:      layout_basic, hex_intersection, uniq_natasha, uniq_jessica
D:4:      layout_gridville, minmay_temple_entry_junction, minmay_pentomino_pile,
          uniq_grinder
D:5:      layout_loops_corners
D:6:      layout_loops_ring, nicolae_overflow_hidden_temple
D:7:      layout_gridville, nicolae_wooded_promenade,
          minmay_hollow_rounded_squares
D:8:      layout_rooms, serial_shops, kennysheep_mini_moat, shop
D:9:      layout_grid_maze, lair_entry_dummy, gammafunk_ghost_split,
          chequers_garden
D:10:     layout_loops_cross, enter_bailey_3, biasface_ghost_orc_armoury,
          kennysheep_opposing_triangles
D:11:     layout_roguey, david_orc_4, enter_trove_2, serial_shops,
          nicolae_shop_window_shopping
D:12:     layout_basic, uniq_azrael, uniq_frances
D:13:     layout_small_grid, gammafunk_ghost_arena, uniq_jorgrun
D:14:     layout_roguey, hangedman_vaults_entry_quadrant_bands,
          hangedman_decor_slide_cut, corexii_checkpoint_b,
          dreamdust_deal_with_the_devil
D:15:     hangedman_depths_entry_civil_slaughter, layout_cave_pools,
          gammafunk_ghost_berserking_beasts, serial_glass, glass_columns_b,
          glass_columns_b, tso_altar
Temple:   mainiacjoe_temple_cubbyholes
Lair:1:   layout_cave_pods, uniq_nergalle
Lair:2:   layout_hall_layers, minmay_shoals_entry_lonely_mermaid,
          beast_lair_carwin_7, uniq_fannar, uniq_gastronok
Lair:3:   kb_forest_paths, layout_small_grid
Lair:4:   dreamdust_labyrinth, layout_loops_ring, spider_nest_entry_rubble,
          grunt_megastairs_1, serial_bayou_shore_a
Lair:5:   layout_cave_pods
Lair:6:   minmay_lair_end_frog_pond, layout_loops_ring, slime_altar_1,
          serial_bayou_crossing
Shoals:1: layout_shoals, uniq_louise, uniq_roxanne
Shoals:2: layout_shoals, nicolae_shoals_hidden_pirate_stash
Shoals:3: layout_shoals, gammafunk_ghost_grave, serial_shops, bzr_in_the_mist,
          uniq_ilsuiw, uniq_nikola, uniq_mlioglotl, uniq_polyphemus
Shoals:4: shoals_end_grunt_garden, layout_shoals, shoal_ilsuiw,
          nicolae_shop_gadgets
Spider:1: layout_spider_delve
Spider:2: layout_spider_delve, nicolae_spider_scorpion_nest
Spider:3: nicolae_spider_mines_1
Spider:4: johnstein_spider_rune_arachne_lair, uniq_bai_suzhen
Slime:1:  layout_caves
Slime:2:  layout_caves
Slime:3:  layout_caves
Slime:4:  layout_caves, cheibrodos_slime_lost_civilization_5
Slime:5
Orc:1:    layout_caves
Orc:2:    grunt_orc_gardens, layout_caves, grunt_orc_garden, grunt_orc_garden,
          grunt_orc_garden, grunt_orc_garden, serial_shops, nicolae_square_shop,
          uniq_maurice
Vaults:1: ontoclasm_vaults_idyll, v_rooms_5, vaults_dpeg_spiral,
          vaults_dpeg_cross, vaults_room_grunt_arrival_ludios,
          nicolae_vaults_sealed_display, st_quartered_hall, v_misc_9, v_misc_3,
          vaults_standard_mumra_enter_the_diamond, grunt_vaults_hallway_short,
          layout_vaults_omnibox
Vaults:2: nicolae_vaults_circle_grid_b, hangedman_vaults_nodes,
          vaults_room_pools, hangedman_vaults_maws, v_misc_4, v_misc_25,
          nicolae_vaults_asterisk, hangedman_vaults_slice, vaults_room_corners,
          nicolae_vaults_mini_display_case, ontoclasm_vaults_ligature,
          layout_vaults_big_room, minmay_crypt_entry_nasty_monster,
          serial_shops, nicolae_shop_crystal
Vaults:3: st_check, vaults_standard_mumra_lines, v_misc_4, v_alt_pattern_5,
          layout_vaults_omnigrid
Vaults:4: grunt_vaults_swirl, vaults_standard_mumra_x, hangedman_vaults_cutoff,
          grunt_vaults_hallway_short, ontoclasm_vaults_eye,
          nicolae_vaults_angled_halls, nicolae_vaults_rhombus_6, v_pattern_4,
          nicolae_vaults_ninety_degrees, nicolae_vaults_little_squares_6,
          vaults_dpeg_hooks, layout_vaults_maze_snakey, serial_shops,
          nicolae_shop_crystal, uniq_aizul
Vaults:5
Crypt:1:  layout_chaotic_city, grunt_crypt_arrival_split,
          roderic_lattice_octagonal_star, lemuel_upstairs_altar
Crypt:2:  layout_rooms, grunt_megastairs_4, uniq_donald
Crypt:3:  evilmike_haunted_forest
Tomb:1:   uniq_jory, uniq_frederick, uniq_sojobo, uniq_khufu
Depths:1: layout_honeycomb, old_standard_altar, pf_coc_iceberg,
          abyss_entry_small_statue_room, nicolae_lava_and_water,
          guppyfry_shop_blood
Depths:2: emtedronai_trogs_sanctum, layout_cave_shapes, lightli_too_deep,
          solitary_fountain, rand_demon_pan_entry_3, hangedman_blasphemy
Depths:3: minmay_outward_triangles, layout_cave_shapes, enter_ziggurat_c,
          grunt_hell_entry_dis_mu, minmay_room_of_horrors,
          nzn_wu_jian_council_hall
Depths:4: grunt_zot_entry_bicorn, layout_cave_shapes, glass_columns_a,
          abyss_entry_crystal, hell_entry
Zot:1:    layout_twisted_circle
Zot:2:    layout_cathedral_of_symmetry
Zot:3:    layout_gridville, hangedman_zot_diagonal_lockstep
Zot:4:    layout_onion, evilmike_ambush [evilmike_ambush_outer_corners,
          evilmike_ambush_inner_basic], grunt_megastairs_5
Zot:5:    layout_gridlike, gammafunk_ghost_mausoleum

Skill      XL: |  1  2  3  4  5  6  7  8  9 10 11 12 13 14 15 16 17 18 19 20 21 22 23 24 25 26 27 |
---------------+----------------------------------------------------------------------------------+-----
Fighting       | 4 5 6 7 8 10 14 16 18 20 22 24 25 27 | 27.0
Maces & Flails | 7 10 | 10.3
Dodging        | 2 8 10 11 13 14 15 20 21 | 21.3
Armour         | 8 10 14 16 17 20 22 | 22.5
Polearms       | 7 10 12 14 16 17 18 19 21 25 | 25.0
Invocations    | 8 10 13 | 13.0
Shields        | 4 |  4.4

Action                   |  1- 3 |  4- 6 |  7- 9 | 10-12 | 13-15 | 16-18 | 19-21 | 22-24 | 25-27 || total
-------------------------+-------+-------+-------+-------+-------+-------+-------+-------+-------++-------
Melee: Flail             |    89 |    92 |   179 |       |       |       |       |       |       ||   360
       Whip              |       |       |   165 |    67 |       |       |       |       |       ||   232
       Quarterstaff      |       |       |       |   344 |       |   115 |       |       |       ||   459
       Falchion          |       |       |       |    24 |    27 |       |       |       |       ||    51
       Halberd           |       |       |       |    82 |  1357 |   929 |  1609 |  2187 |  4406 || 10570
       Punch             |       |       |       |       |     2 |     1 |       |       |     2 ||     5
       Scimitar          |       |       |       |       |     8 |       |     4 |       |       ||    12
       Trident           |       |       |       |       |       |    40 |       |       |       ||    40
       Headbutt          |       |       |       |       |       |       |   330 |   819 |       ||  1149
       Broad axe         |       |       |       |       |       |       |       |       |    27 ||    27
       Unarmed           |       |       |       |       |       |       |       |       |    21 ||    21
Throw: Throwing net      |       |       |       |       |     1 |     1 |       |       |       ||     2
Invok: Summon Divine War |       |       |       |       |     3 |       |     3 |     1 |     9 ||    16
       Divine Shield     |       |       |       |       |     1 |       |       |       |       ||     1
 Abil: Evoke Blink       |       |       |       |       |     1 |       |       |       |       ||     1
Evoke: Wand              |       |    19 |    12 |    37 |    11 |    15 |    13 |     7 |    16 ||   130
  Use: Potion            |       |     1 |     2 |     6 |     7 |     4 |     4 |     6 |    28 ||    58
       Scroll            |       |       |    15 |     5 |    14 |     6 |     4 |     1 |    11 ||    56
Armor: Scale mail        |    34 |    51 |   129 |   146 |       |       |       |       |       ||   360
       Chain mail        |       |       |       |    60 |   354 |       |       |       |       ||   414
       Plate armour      |       |       |       |       |   271 |   380 |   432 |   732 |  1837 ||  3652
Dodge: Dodged            |    38 |    41 |   111 |   254 |   675 |   622 |   650 |   859 |  2473 ||  5723
Block: Buckler           |     7 |    27 |    99 |    31 |       |       |       |       |       ||   164
       Other             |       |       |       |   109 |   244 |   171 |   296 |   490 |   572 ||  1882
       Reflection        |       |       |       |     4 |     2 |     4 |    27 |     7 |     9 ||    53
